3A
MYRTLE BEACH SEAHAWKS @ PROVO MANGO
08/15/2028
 
TOP OF THE 1ST
Myrtle Beach Seahawks batting - Pitching for Provo Mango : RHP Nicolas Roche
Pitching: RHP Nicolas Roche
Batting: RHB Reece Cockin 0-0: Called Strike
0-1: Ball
1-1: Called Strike
1-2: Ball
2-2: Foul Ball, location: 2F
2-2: Ball
3-2: Strikes out swinging
Batting: RHB José Bustillo 0-0: Called Strike
0-1: Called Strike
0-2: Strikes out swinging
Batting: RHB Luis Oliva 0-0: Called Strike
0-1: Called Strike
0-2: Ball
1-2: Ball
2-2: SINGLE (Flyball, 7LM)
Batting: RHB Aquiles Morda 0-0: Foul Ball, location: 2F
0-1: Foul Ball, location: 2F
0-2: Ball
1-2: Foul Ball, location: 2F
1-2: SINGLE (Groundball, 6D)
Luis Oliva to second
Batting: RHB Andy Llewellyn 0-0: Foul Ball, location: 2F
0-1: Ball
1-1: Called Strike
1-2: Ball
2-2: Ball
3-2: Strikes out looking
Top of the 1st over - 0 run(s), 2 hit(s), 0 error(s), 2 left on base; Myrtle Beach 0 - Provo 0
BOTTOM OF THE 1ST
Provo Mango batting - Pitching for Myrtle Beach Seahawks : RHP Raneem Zogby
Pitching: RHP Raneem Zogby
Batting: LHB Su-wu Xiao 0-0: SINGLE (Groundball, 34D)
Batting: SHB Tommy Dreamer 0-0: Ball
1-0: Foul Ball, location: 2F
1-1: Foul Ball, location: 2F
1-2: Ball
2-2: SINGLE (Groundball, 6MD)
Su-wu Xiao to second
Batting: LHB Xu Cheng 0-0: Ball
1-0: Grounds into double play, 5-4-3 (Groundball, 56)
Su-wu Xiao to third
Batting: RHB Xi-ku See-to 0-0: Ball
1-0: Called Strike
1-1: Ball
2-1: Foul Ball, location: 2F
2-2: Ball
3-2: Fly out, F8 (Flyball, 8LM)
Bottom of the 1st over - 0 run(s), 2 hit(s), 0 error(s), 1 left on base; Myrtle Beach 0 - Provo 0
TOP OF THE 2ND
Myrtle Beach Seahawks batting - Pitching for Provo Mango : RHP Nicolas Roche
Batting: LHB Peter Ough 0-0: Reached on error, E1 (Groundball, 13)
Batting: LHB Ijsbrand Erkelens 0-0: Swinging Strike
0-1: Swinging Strike
0-2: Ball
1-2: Foul Ball, location: 2F
1-2: Ball
2-2: Fly out, F8 (Flyball, 8LM)
Batting: RHB Melvin Aikey 0-0: Ball
1-0: Called Strike
1-1: Fly out, F8 (Flyball, 8LM)
Batting: RHB Howard Lee 0-0: Called Strike
0-1: Swinging Strike
0-2: Ball
Peter Ough steals 2nd base
1-2: Ball
2-2: SINGLE (Line Drive, 6D)
Peter Ough to third
Runner from 3rd tries for Home, SAFE, no throw
Batting: RHB Reece Cockin 0-0: Foul Ball, location: 2F
0-1: Swinging Strike
0-2: Ball
1-2: Ball
2-2: Ground out 5-3 (Groundball, 56)
Top of the 2nd over - 1 run(s), 1 hit(s), 1 error(s), 1 left on base; Myrtle Beach 1 - Provo 0
BOTTOM OF THE 2ND
Provo Mango batting - Pitching for Myrtle Beach Seahawks : RHP Raneem Zogby
Batting: RHB Francisco Guerra 0-0: Foul Ball, location: 2F
0-1: Swinging Strike
0-2: Ball
1-2: Ball
2-2: Strikes out swinging
Batting: SHB Tomás Solorzano 0-0: Called Strike
0-1: Foul Ball, location: 2F
0-2: Ball
1-2: Foul Ball, location: 2F
1-2: Foul Ball, location: 2F
1-2: Strikes out swinging
Batting: RHB Michael Sweeney 0-0: Ball
1-0: Ball
2-0: Called Strike
2-1: Swinging Strike
2-2: Strikes out swinging
Bottom of the 2nd over - 0 run(s), 0 hit(s), 0 error(s), 0 left on base; Myrtle Beach 1 - Provo 0
TOP OF THE 3RD
Myrtle Beach Seahawks batting - Pitching for Provo Mango : RHP Nicolas Roche
Batting: RHB José Bustillo 0-0: Called Strike
0-1: Foul Ball, location: 2F
0-2: Fly out, F7 (Flyball, 78S)
Batting: RHB Luis Oliva 0-0: Called Strike
0-1: Foul Ball, location: 2F
0-2: Ball
1-2: Ball
2-2: Ball
3-2: Foul Ball, location: 2F
3-2: SOLO HOME RUN (Flyball, 7LD), Distance : 374 ft
Batting: RHB Aquiles Morda 0-0: Foul Ball, location: 2F
0-1: Swinging Strike
0-2: Ball
1-2: Ball
2-2: Single, Error in OF, E9, batter to second base
Batting: RHB Andy Llewellyn 0-0: Ball
1-0: Ground out 6-3 (Groundball, 6S)
Aquiles Morda to third
Batting: LHB Peter Ough 0-0: Foul Ball, location: 2F
0-1: Ball
1-1: Swinging Strike
1-2: Strikes out looking
Top of the 3rd over - 1 run(s), 2 hit(s), 1 error(s), 1 left on base; Myrtle Beach 2 - Provo 0
BOTTOM OF THE 3RD
Provo Mango batting - Pitching for Myrtle Beach Seahawks : RHP Raneem Zogby
Batting: SHB Mike Waddingham 0-0: Ball
1-0: Called Strike
1-1: Ball
2-1: Ball
3-1: Base on Balls
Batting: LHB Jesús De Jesús 0-0: Foul Ball, location: 2F
0-1: Called Strike
0-2: Ball
1-2: Strikes out looking
Batting: LHB Su-wu Xiao 0-0: Called Strike
0-1: Ball
1-1: Ball
2-1: Foul Ball, location: 2F
2-2: Ball
3-2: Grounds into double play, 4-6-3 (Groundball, 4)
Bottom of the 3rd over - 0 run(s), 0 hit(s), 0 error(s), 0 left on base; Myrtle Beach 2 - Provo 0
TOP OF THE 4TH
Myrtle Beach Seahawks batting - Pitching for Provo Mango : RHP Nicolas Roche
Batting: LHB Ijsbrand Erkelens 0-0: Ball
1-0: Fly out, F7 (Flyball, 7)
Batting: RHB Melvin Aikey 0-0: Ball
1-0: Called Strike
1-1: Ball
2-1: SINGLE (Groundball, 34D)
Batting: RHB Howard Lee 0-0: Called Strike
0-1: Called Strike
0-2: Strikes out swinging
Batting: RHB Reece Cockin 0-0: Ground out 1-3 (Groundball, P)
Top of the 4th over - 0 run(s), 1 hit(s), 0 error(s), 1 left on base; Myrtle Beach 2 - Provo 0
BOTTOM OF THE 4TH
Provo Mango batting - Pitching for Myrtle Beach Seahawks : RHP Raneem Zogby
Batting: SHB Tommy Dreamer 0-0: Ball
1-0: Ball
2-0: Foul Ball, location: 2F
2-1: Ball
3-1: SINGLE (Line Drive, 8LS)
Batting: LHB Xu Cheng 0-0: Ball
Tommy Dreamer steals 2nd base
1-0: DOUBLE (Flyball, 8LD)
Tommy Dreamer scores
Batting: RHB Xi-ku See-to 0-0: Ball
1-0: Fly out, F4 (Line Drive, 4)
Lined into DP, 4-6 (Line Drive, 4)
Batting: RHB Francisco Guerra 0-0: Ball
1-0: Called Strike
1-1: Ball
2-1: Ball
3-1: Called Strike
3-2: Base on Balls
Batting: SHB Tomás Solorzano 0-0: Called Strike
0-1: Foul Ball, location: 2F
0-2: Ball
1-2: Foul Ball, location: 2F
1-2: Ball
Francisco Guerra is caught stealing 2nd base
Bottom of the 4th over - 1 run(s), 2 hit(s), 0 error(s), 0 left on base; Myrtle Beach 2 - Provo 1
TOP OF THE 5TH
Myrtle Beach Seahawks batting - Pitching for Provo Mango : RHP Nicolas Roche
Batting: RHB José Bustillo 0-0: Ground out 5-3 (Groundball, 5L)
Batting: RHB Luis Oliva 0-0: Called Strike
0-1: Ball
1-1: Ball
2-1: Swinging Strike
2-2: Foul Ball, location: 2F
2-2: Ball
3-2: Base on Balls
Batting: RHB Aquiles Morda 0-0: Called Strike
0-1: DOUBLE (Groundball, 5L)
Luis Oliva to third
Batting: RHB Andy Llewellyn 0-0: Fly out, F9 (Flyball, 9S)
Batting: LHB Peter Ough 0-0: Ball
1-0: Ball
2-0: Ball
3-0: Called Strike
3-1: Foul Ball, location: 2F
3-2: Ground out 1-3 (Groundball, P)
Top of the 5th over - 0 run(s), 1 hit(s), 0 error(s), 2 left on base; Myrtle Beach 2 - Provo 1
BOTTOM OF THE 5TH
Provo Mango batting - Pitching for Myrtle Beach Seahawks : RHP Raneem Zogby
Batting: SHB Tomás Solorzano 0-0: Fly out, F5 (Popup, 56D)
Batting: RHB Michael Sweeney 0-0: Ball
1-0: Called Strike
1-1: Ball
2-1: Foul Ball, location: 2F
2-2: Fly out, F8 (Flyball, 78M)
Batting: SHB Mike Waddingham 0-0: Ball
1-0: Ball
2-0: Foul Ball, location: 2F
2-1: SOLO HOME RUN (Line Drive, 9LD), Distance : 357 ft
Batting: LHB Jesús De Jesús 0-0: Called Strike
0-1: Fly out, F8 (Flyball, 89S)
Bottom of the 5th over - 1 run(s), 1 hit(s), 0 error(s), 0 left on base; Myrtle Beach 2 - Provo 2
TOP OF THE 6TH
Myrtle Beach Seahawks batting - Pitching for Provo Mango : RHP Nicolas Roche
Batting: LHB Ijsbrand Erkelens 0-0: Ball
1-0: Fly out, F7 (Line Drive, 7)
Batting: RHB Melvin Aikey 0-0: Ground out 6-3 (Groundball, 6S)
Batting: RHB Howard Lee 0-0: Fly out, F8 (Flyball, 8RXD)
Top of the 6th over - 0 run(s), 0 hit(s), 0 error(s), 0 left on base; Myrtle Beach 2 - Provo 2
BOTTOM OF THE 6TH
Provo Mango batting - Pitching for Myrtle Beach Seahawks : RHP Raneem Zogby
Batting: LHB Su-wu Xiao 0-0: Foul Ball, location: 2F
0-1: Ball
1-1: Foul Ball, location: 2F
1-2: Ball
2-2: Fly out, F8 (Flyball, 8RS)
Batting: SHB Tommy Dreamer 0-0: Ball
1-0: Foul Ball, location: 2F
1-1: Ball
2-1: Ball
3-1: Foul Ball, location: 2F
3-2: Foul Ball, location: 2F
3-2: Foul Ball, location: 2F
3-2: Foul Ball, location: 2F
3-2: Fly out, F2 (Popup, 2R)
Batting: LHB Xu Cheng 0-0: Foul Ball, location: 2F
0-1: Ball
1-1: Ball
2-1: Fly out, F9 (Flyball, 89M)
Bottom of the 6th over - 0 run(s), 0 hit(s), 0 error(s), 0 left on base; Myrtle Beach 2 - Provo 2
TOP OF THE 7TH
Myrtle Beach Seahawks batting - Pitching for Provo Mango : RHP Nicolas Roche
Batting: RHB Reece Cockin 0-0: Called Strike
0-1: Swinging Strike
0-2: Ball
1-2: SINGLE (Groundball, 56D)
Pitching: RHP Hikaru Yamaguchi
Batting: RHB José Bustillo 0-0: Called Strike
Reece Cockin is caught stealing 2nd base
0-1: Swinging Strike
0-2: Foul Ball, location: 2F
0-2: Ball
1-2: Ball
2-2: Foul Ball, location: 2F
2-2: Strikes out swinging
Batting: RHB Luis Oliva 0-0: Ball
1-0: Ball
2-0: Ball
3-0: Base on Balls
Batting: RHB Aquiles Morda 0-0: Ground out 1-3 (Groundball, P)
Top of the 7th over - 0 run(s), 1 hit(s), 0 error(s), 1 left on base; Myrtle Beach 2 - Provo 2
BOTTOM OF THE 7TH
Provo Mango batting - Pitching for Myrtle Beach Seahawks : RHP Raneem Zogby
Pitching: RHP Sam Schultz
Batting: RHB Xi-ku See-to 0-0: Fly out, F7 (Flyball, 7)
Batting: RHB Francisco Guerra 0-0: Called Strike
0-1: Swinging Strike
0-2: Fly out, F6 (Line Drive, 6)
Batting: SHB Tomás Solorzano 0-0: Foul Ball, location: 2F
0-1: Called Strike
0-2: Strikes out looking
Bottom of the 7th over - 0 run(s), 0 hit(s), 0 error(s), 0 left on base; Myrtle Beach 2 - Provo 2
TOP OF THE 8TH
Myrtle Beach Seahawks batting - Pitching for Provo Mango : RHP Hikaru Yamaguchi
Batting: RHB Andy Llewellyn 0-0: Called Strike
0-1: Ball
1-1: Ground out 1-3 (Groundball, P)
Pinch Hitting: LHB Gabriel Amezquita 0-0: Ball
1-0: Called Strike
1-1: Foul Ball, location: 2F
1-2: Strikes out swinging
Batting: LHB Ijsbrand Erkelens 0-0: Ball
1-0: Called Strike
1-1: Ball
2-1: Ball
3-1: Foul Ball, location: 2F
3-2: Foul Ball, location: 2F
3-2: Base on Balls
Batting: RHB Melvin Aikey 0-0: Called Strike
0-1: Ball
1-1: Ball
2-1: Swinging Strike
2-2: SINGLE (Line Drive, 7S)
Ijsbrand Erkelens to second
Batting: RHB Howard Lee 0-0: Foul Ball, location: 2F
0-1: Ball
1-1: Called Strike
1-2: Foul Ball, location: 2F
1-2: Strikes out looking
Top of the 8th over - 0 run(s), 1 hit(s), 0 error(s), 2 left on base; Myrtle Beach 2 - Provo 2
BOTTOM OF THE 8TH
Provo Mango batting - Pitching for Myrtle Beach Seahawks : RHP Sam Schultz
Now at 2B: Gabriel Amezquita
Batting: RHB Michael Sweeney 0-0: Foul Ball, location: 2F
0-1: Foul Ball, location: 2F
0-2: Ball
1-2: Ball
2-2: Fly out, F4 (Popup, 34S)
Batting: SHB Mike Waddingham 0-0: Called Strike
0-1: Ball
1-1: Foul Ball, location: 2F
1-2: Ball
2-2: Strikes out swinging
Pinch Hitting: RHB Hatui Haunani 0-0: Ball
1-0: Ball
2-0: Swinging Strike
2-1: Fly out, F8 (Flyball, 8RS)
Bottom of the 8th over - 0 run(s), 0 hit(s), 0 error(s), 0 left on base; Myrtle Beach 2 - Provo 2
TOP OF THE 9TH
Myrtle Beach Seahawks batting - Pitching for Provo Mango : RHP Hikaru Yamaguchi
Pitching: RHP Juan Sánchez
Now at 3B: Ling Li
Batting: RHB Reece Cockin 0-0: Ball
1-0: Ball
2-0: Ball
3-0: Called Strike
3-1: Foul Ball, location: 2F
3-2: Strikes out looking
Pinch Hitting: RHB Francisco Moreno 0-0: Foul Ball, location: 2F
0-1: Ball
1-1: Ball
2-1: Foul Ball, location: 2F
2-2: Strikes out swinging
Batting: RHB Luis Oliva 0-0: Ball
1-0: Foul Ball, location: 2F
1-1: Swinging Strike
1-2: Foul Ball, location: 2F
1-2: Foul Ball, location: 2F
1-2: Foul Ball, location: 2F
1-2: Ball
2-2: Ground out 5-3 (Groundball, 56)
Top of the 9th over - 0 run(s), 0 hit(s), 0 error(s), 0 left on base; Myrtle Beach 2 - Provo 2
BOTTOM OF THE 9TH
Provo Mango batting - Pitching for Myrtle Beach Seahawks : RHP Sam Schultz
Now at 3B: Cisco Galindo
Pinch Hitting: LHB Andrés Garza 0-0: Foul Ball, location: 2F
0-1: Ball
1-1: Foul Ball, location: 2F
1-2: Foul Ball, location: 2F
1-2: Ball
2-2: Ball
3-2: Strikes out swinging
Batting: SHB Tommy Dreamer 0-0: Called Strike
0-1: Fly out, F3 (Line Drive, 34)
Batting: LHB Xu Cheng 0-0: Fly out, F8 (Flyball, 8LS)
Bottom of the 9th over - 0 run(s), 0 hit(s), 0 error(s), 0 left on base; Myrtle Beach 2 - Provo 2
TOP OF THE 10TH
Myrtle Beach Seahawks batting - Pitching for Provo Mango : RHP Juan Sánchez
Now in RF: Andrés Garza
Batting: RHB Aquiles Morda 0-0: Foul Ball, location: 2F
0-1: Ball
1-1: Called Strike
1-2: Ball
2-2: Ball
3-2: Foul Ball, location: 2F
3-2: SOLO HOME RUN (Line Drive, 7LD), Distance : 380 ft
Batting: RHB Andy Llewellyn 0-0: Ball
1-0: Called Strike
1-1: SINGLE (Line Drive, 7S)
Batting: LHB Gabriel Amezquita 0-0: Sac Bunt - play at first, batter OUT! 1-3
Andy Llewellyn to second
Batting: LHB Ijsbrand Erkelens 0-0: Called Strike
0-1: Ball
1-1: Swinging Strike
1-2: Strikes out swinging
Batting: RHB Melvin Aikey 0-0: Called Strike
Andy Llewellyn steals 3rd base
0-1: Ball
1-1: Ball
2-1: Ball
3-1: Called Strike
3-2: Base on Balls
Batting: RHB Howard Lee 0-0: Ball
1-0: Swinging Strike
1-1: Foul Ball, location: 2F
1-2: Ball
2-2: Strikes out swinging
Top of the 10th over - 1 run(s), 2 hit(s), 0 error(s), 2 left on base; Myrtle Beach 3 - Provo 2
BOTTOM OF THE 10TH
Provo Mango batting - Pitching for Myrtle Beach Seahawks : RHP Sam Schultz
Pitching: RHP Greyfriars Bobby
Batting: RHB Xi-ku See-to 0-0: Ground out 1-3 (Groundball, 13)
Batting: RHB Francisco Guerra 0-0: Called Strike
0-1: Ball
1-1: Swinging Strike
1-2: Ball
2-2: Ball
3-2: Foul Ball, location: 2F
3-2: Base on Balls
Batting: SHB Tomás Solorzano 0-0: Ball
1-0: Called Strike
1-1: Ground out 4-3 (Groundball, 34)
Francisco Guerra to second
Batting: RHB Michael Sweeney 0-0: Swinging Strike
0-1: Swinging Strike
0-2: Ball
1-2: Ball
2-2: Strikes out swinging
Bottom of the 10th over - 0 run(s), 0 hit(s), 0 error(s), 1 left on base; Myrtle Beach 3 - Provo 2
Friday, August 25th, 2017 - OOTP Baseball 17.12 Build 75